 Dungeon Crawl Stone Soup version 0.28-a0-2-g643f2454ad (webtiles) character file.

Game seed: 2116342989439595239

2222 robertstho the Cleaver (level 9, -10/123 HPs)
             Began as a Minotaur Berserker on July 22, 2021.
             Was a Priest of Trog.
             Mangled by an 11-headed hydra (11 damage)
             ... on level 6 of the Dungeon.
             The game lasted 00:06:25 (5694 turns).

robertstho the Cleaver (Minotaur Berserker)         Turns: 5694, Time: 00:06:26

Health: -10/123    AC: 11    Str: 24    XL:     9   Next: 13%
Magic:  8/8        EV:  9    Int:  5    God:    Trog [***...]
Gold:   287        SH:  0    Dex: 10    Spells: 8/8 levels left

rFire   + . .      SeeInvis .   o - +0 war axe
rCold   + . .      Faith    .   (no shield)
rNeg    . . .      Spirit   .   k - +0 chain mail
rPois   .          Reflect  .   (helmet restricted)
rElec   .          Harm     .   l - scarf {rC+ rF+}
rCorr   .          Rampage  .   (no gloves)
Will    .....                   (no boots)
Stlth   ..........              w - amulet of regeneration
HPRegen 1.30/turn               (no ring)
MPRegen 0.11/turn               (no ring)

@: berserking, very quick
A: horns 2, retaliatory headbutt
a: Renounce Religion, Berserk, Trog's Hand


You were on level 6 of the Dungeon.
You worshipped Trog.
Trog was most pleased with you.
You visited 1 branch of the dungeon, and saw 6 of its levels.

You collected 287 gold pieces.

Inventory:

Hand Weapons
 o - a +0 war axe (weapon)
 s - a +5 vorpal flail
Armour
 k - a +0 chain mail (worn)
 l - a scarf of resistance (worn)
Jewellery
 w - an amulet of regeneration (around neck)
Wands
 r - a wand of acid (8)
 v - a wand of flame (12)
Scrolls
 c - 3 scrolls of teleportation
 e - a scroll of summoning {unknown}
 f - a scroll of brand weapon {unknown}
 g - 2 scrolls of magic mapping
 h - a scroll of holy word {unknown}
 j - a scroll of enchant weapon {unknown}
 n - a scroll of fog {unknown}
 q - 3 scrolls of acquirement {unknown}
 t - 3 scrolls of blinking {unknown}
 u - a scroll of immolation {unknown}
Potions
 a - 2 potions of might
 b - a potion of ambrosia {unknown}
 d - 2 potions of heal wounds {unknown}
 i - 3 potions of curing
 m - a potion of attraction {unknown}


   Skills:
 * Level 8.4 Fighting
 + Level 9.2 Axes
 * Level 9.0 Armour
 + Level 3.2 Dodging


You had 8 spell levels left.
You didn't know any spells.
Your spell library was empty.

Dungeon Overview and Level Annotations

Branches:
Dungeon (6/15)
 Temple: D:4-7

Altars:
Dithmenos
Yredelemnul
Zin

Shops:
D:3 (

Annotations:
D:6 1 runed translucent door


Innate Abilities, Weirdness & Mutations

You have a pair of horns on your head.
You reflexively headbutt those who attack you in melee.


Message History

The seven-headed hydra bites you!
You hack one of the seven-headed hydra's heads off!
The six-headed hydra grows two more!
You slash the eight-headed hydra!
The eight-headed hydra is severely wounded.
The eight-headed hydra closely misses you.
The eight-headed hydra bites you. The eight-headed hydra bites you! x2
The eight-headed hydra bites you but does no damage.
The eight-headed hydra bites you! x2; The eight-headed hydra bites you.
You chop one of the eight-headed hydra's heads off!
The seven-headed hydra grows two more!
You slash the nine-headed hydra!
The nine-headed hydra is severely wounded.
You lop one of the nine-headed hydra's heads off!
The eight-headed hydra grows two more!
You slice the ten-headed hydra!!
The ten-headed hydra is almost dead.
The ten-headed hydra bites you. The ten-headed hydra bites you!
The ten-headed hydra bites you. The ten-headed hydra bites you!
* * * LOW HITPOINT WARNING * * *
The ten-headed hydra bites you but does no damage.
The ten-headed hydra barely misses you.
The ten-headed hydra bites you but does no damage.
The ten-headed hydra bites you.
* * * LOW HITPOINT WARNING * * *
The ten-headed hydra bites you but does no damage.
The ten-headed hydra bites you.
* * * LOW HITPOINT WARNING * * *
You chop one of the ten-headed hydra's heads off!
The nine-headed hydra grows two more!
You hit the 11-headed hydra.
The 11-headed hydra is severely wounded.
The 11-headed hydra bites you.
* * * LOW HITPOINT WARNING * * *
The 11-headed hydra bites you!
* * * LOW HITPOINT WARNING * * *
The 11-headed hydra bites you.
* * * LOW HITPOINT WARNING * * *
The 11-headed hydra bites you but does no damage.
The 11-headed hydra bites you!
* * * LOW HITPOINT WARNING * * *
The 11-headed hydra bites you but does no damage. x2
The 11-headed hydra barely misses you. The 11-headed hydra bites you!
You die...

..........# #........#
.(....>...# #........#
..........## ##........#
##.........# #.....?..##
##......#.###......[.# #
##.....##...........# ## #
#.....##..........## ##. ##
##...###..........#### #..
.## ##..#
#.....@D......#######.. ..##
#### #.........##......##..#
...# ##.........####......##
..## #..)####''########..#
.## ###..##...)....#* #..# ##
##...##..........#* ##.##
##>..##............#* #..#
###...##..............**#..#
##...###...............,*##..


You could see a 11-headed hydra.

Vanquished Creatures
  A troll (D:5)
  A shadow (D:6)
  Edmund (D:5)
  A water moccasin (D:5)
  A black bear (D:5)
  An ice beast (D:6)
  A necrophage (D:4)
  3 ogres
  2 centaurs (D:6)
  Blork the orc (D:5)
  3 scorpions
  A bullfrog (D:5)
  A howler monkey (D:4)
  A bullfrog skeleton (D:6)
  A centaur zombie (D:5)
  3 orc priests
  2 hounds (D:5)
  2 iguanas
  Ijyb (D:5)
  An orc wizard (D:6)
  2 killer bee zombies
  2 hound skeletons
  4 gnolls (D:3)
  7 adders
  3 shadow imps
  2 white imps
  2 ufetubi
  3 worms
  14 orcs
  4 endoplasms
  A giant cockroach (D:1)
  13 goblins
  5 hobgoblins
  4 quokkas
  7 ball pythons
  4 bats
  4 frilled lizards
  11 kobolds
  8 rats
129 creatures vanquished.

Notes
Turn   | Place    | Note
-------+----------+-------------------------------------------
     0 | D:1      | robertstho the Minotaur Berserker began the quest for the
                  | Orb.
     0 | D:1      | Reached XP level 1. HP: 19/19 MP: 0/0
   331 | D:1      | Reached XP level 2. HP: 27/27 MP: 1/1
   423 | D:1      | Found a faded altar of an unknown god.
   672 | D:1      | Reached ** piety under Trog
   991 | D:2      | Reached XP level 3. HP: 34/34 MP: 2/2
  1283 | D:2      | Reached XP level 4. HP: 41/41 MP: 3/3
  1826 | D:3      | Noticed a scorpion
  1835 | D:3      | Killed a scorpion
  1836 | D:3      | Reached skill level 5 in Fighting
  1836 | D:3      | Reached XP level 5. HP: 35/48 MP: 4/4
  1981 | D:3      | Reached skill level 5 in Axes
  2039 | D:3      | Found Hexudd's Weapon Boutique.
  2411 | D:4      | Noticed a necrophage
  2416 | D:4      | Killed a necrophage
  2417 | D:4      | Reached XP level 6. HP: 57/57 MP: 5/5
  2605 | D:4      | Reached *** piety under Trog
  2768 | D:4      | Found a basalt altar of Yredelemnul.
  2851 | D:4      | Identified the +1 shortbow of Fuzzy Offence {vorpal, rC+}
  3071 | D:5      | Entered Level 5 of the Dungeon
  3114 | D:5      | Reached XP level 7. HP: 64/64 MP: 6/6
  3158 | D:5      | Reached skill level 5 in Armour
  3480 | D:5      | Found a shadowy altar of Dithmenos.
  3483 | D:5      | Noticed Ijyb
  3487 | D:5      | Killed Ijyb
  3544 | D:5      | Noticed Edmund
  3553 | D:5      | Killed Edmund
  3649 | D:5      | Noticed Blork the orc
  3654 | D:5      | Killed Blork the orc
  3655 | D:5      | Reached XP level 8. HP: 73/73 MP: 7/7
  3810 | D:5      | Noticed a troll
  3818 | D:5      | Killed a troll
  4887 | D:6      | Found a runed translucent door.
  4971 | D:6      | Reached XP level 9. HP: 49/81 MP: 8/8
  5455 | D:6      | Noticed a five-headed hydra
  5457 | D:6      | Noticed an eight-headed hydra
  5593 | D:6      | Found a glowing silver altar of Zin.
  5694 | D:6      | HP: 1/123 [11-headed hydra (7)]
  5694 | D:6      | Mangled by an 11-headed hydra

Illustrated notes

Levels and vault maps discovered:
D:1:      dpeg_arrival_ratfight, layout_loops_ring, basic_ecumenical_altar
D:2:      layout_loops_ring
D:3:      layout_rooms, serial_shops, shop
D:4:      layout_loops_ring, mainiacjoe_overflow_small_starburst,
          minmay_bisected
D:5:      layout_loops_ring, mainiacjoe_overflow_chevrons,
          kennysheep_big_empty_room, uniq_ijyb, uniq_blork_the_orc, uniq_edmund
D:6:      kennysheep_big_flooded_room, layout_cave_pods, zin_statuary,
          ebering_ghost_sewer_d

Skill      XL: |  1  2  3  4  5  6  7  8  9 |
---------------+----------------------------+-----
Fighting       | 4 5 6 7 8 |  8.4
Axes           | 4 5 6 7 9 |  9.2
Armour         | 3 4 6 8 9 |  9.0
Dodging        | 3 |  3.2

Action                   |  1- 3 |  4- 6 |  7- 9 || total
-------------------------+-------+-------+-------++-------
Melee: Hand axe          |    70 |    16 |       ||    86
       Headbutt          |     9 |    22 |    22 ||    53
       War axe           |       |    90 |   127 ||   217
Invok: Berserk           |       |     2 |     7 ||     9
       Trog's Hand       |       |       |     1 ||     1
  Use: Scroll            |       |       |     5 ||     5
Armor: Animal skin       |    14 |       |       ||    14
       Chain mail        |       |    63 |    88 ||   151
Dodge: Dodged            |    38 |    37 |    77 ||   152

Table legend: (Time is in decaauts)
 A = Elapsed time spent in this place.
 B = Non-inter-level travel time spent in this place.
 C = Inter-level travel time spent in this place.
 D = Time resting spent in this place.
 E = Time spent auto-exploring this place.
 F = Levels seen in this place.
 G = Mean time per level.
                   A        B        C        D        E       F      G
               +--------+--------+--------+--------+--------+-----+--------+
         Total |   5820 |   5742 |     78 |    404 |   4450 |   6 |  970.0 |
       Dungeon |   5820 |   5742 |     78 |    404 |   4450 |   6 |  970.0 |
               +--------+--------+--------+--------+--------+-----+--------+

Top non-repeatable levels by time:
     D:5: 1539 daAuts
     D:6: 1171 daAuts
     D:1: 993 daAuts
     D:2: 830 daAuts
     D:4: 676 daAuts
     D:3: 608 daAuts
